| TOP OF THE 1ST |
|
Baltimore (APP) Orioles batting - Pitching for Princeton Rays : RHP Robin Pick
|
|
Pitching: RHP Robin Pick
|
|
|
Batting: RHB Ruben Domingues
|
0-0: Called Strike 0-1: Called Strike 0-2: Ground out 2-3 (Groundball, 2L, EV 69.4 MPH)
|
|
Batting: RHB Minoru Matsumoto
|
0-0: Swinging Strike 0-1: Ball 1-1: Ball 2-1: Ball 3-1: Swinging Strike 3-2: Strikes out swinging
|
|
Batting: LHB Jeremy Nuzzo
|
0-0: Ball 1-0: Ball 2-0: Foul Ball, location: 2F 2-1: Called Strike 2-2: Ground out U3 (Groundball, 34, EV 106.2 MPH)
|
| Top of the 1st over - 0 runs, 0 hits, 0 errors, 0 left on base; Baltimore (APP) 0 - Princeton 0 |
| BOTTOM OF THE 1ST |
|
Princeton Rays batting - Pitching for Baltimore (APP) Orioles : RHP Bruce Yeager
|
|
Pitching: RHP Bruce Yeager
|
|
|
Batting: SHB Luis Verduzco
|
0-0: Called Strike 0-1: Foul Ball, location: 2F 0-2: Ball 1-2: Ball 2-2: Ball 3-2: Foul Ball, location: 2F 3-2: Strikes out swinging
|
|
Batting: SHB Omar Cervantes
|
0-0: Ball 1-0: Foul Ball, location: 2F 1-1: Ball 2-1: SINGLE (Groundball, 6MD, EV 95.6 MPH)
|
|
Batting: LHB Oscar Curiel
|
0-0: Ball 1-0: Ball 2-0: Ball 3-0: Called Strike 3-1: Foul Ball, location: 2F 3-2: Grounds into double play, 5-4-3 (Groundball, 56, EV 90.6 MPH)
|
| Bottom of the 1st over - 0 runs, 1 hit, 0 errors, 0 left on base; Baltimore (APP) 0 - Princeton 0 |
| TOP OF THE 2ND |
|
Baltimore (APP) Orioles batting - Pitching for Princeton Rays : RHP Robin Pick
|
|
Batting: SHB Eric Kelley
|
0-0: Foul Ball, location: 2F 0-1: Swinging Strike 0-2: Ball 1-2: Foul Ball, location: 2F 1-2: Strikes out swinging
|
|
Batting: RHB C.J. Wells
|
0-0: Called Strike 0-1: Ball 1-1: Ball 2-1: Fly out, F5 (Popup, 56, EV 69.4 MPH)
|
|
Batting: LHB Edwin Cabral
|
0-0: Ball 1-0: Ground out 4-3 (Groundball, 4S, EV 78.1 MPH)
|
| Top of the 2nd over - 0 runs, 0 hits, 0 errors, 0 left on base; Baltimore (APP) 0 - Princeton 0 |
| BOTTOM OF THE 2ND |
|
Princeton Rays batting - Pitching for Baltimore (APP) Orioles : RHP Bruce Yeager
|
|
Batting: RHB Tim Dower
|
0-0: Ball 1-0: Ground out 4-3 (Groundball, 4, EV 101.9 MPH)
|
|
Batting: RHB Wan-ling Zhu
|
0-0: Called Strike 0-1: Ball 1-1: Swinging Strike 1-2: Ball 2-2: Ball 3-2: Ground out 6-3 (Groundball, 6, EV 94.4 MPH)
|
|
Batting: RHB Mikey Sano
|
0-0: Called Strike 0-1: SINGLE (Line Drive, 9S, EV 103.8 MPH)
|
|
Batting: RHB Bogumil Filipowski
|
0-0: Foul Ball, location: 2F 0-1: Called Strike 0-2: Ball 1-2: Ball 2-2: Foul Ball, location: 2F 2-2: Strikes out looking
|
| Bottom of the 2nd over - 0 runs, 1 hit, 0 errors, 1 left on base; Baltimore (APP) 0 - Princeton 0 |
| TOP OF THE 3RD |
|
Baltimore (APP) Orioles batting - Pitching for Princeton Rays : RHP Robin Pick
|
|
Batting: RHB Han Caspers
|
0-0: Bunt missed! 0-1: Ball 1-1: Hit by Pitch
|
|
Batting: LHB Ivan Alvarez
|
0-0: Ball Han Caspers is caught stealing 2nd base 2-6 1-0: Ball 2-0: Called Strike 2-1: Foul Ball, location: 2F 2-2: Strikes out swinging
|
|
Batting: RHB Imbart van Rens
|
0-0: Ball 1-0: Foul Ball, location: 2F 1-1: Ball 2-1: Ball 3-1: Called Strike 3-2: Foul Ball, location: 2F 3-2: SOLO HOME RUN (Flyball, 7D, EV 98.8 MPH), Distance : 392 ft
|
|
Batting: RHB Ruben Domingues
|
0-0: Ball 1-0: Foul Ball, location: 2F 1-1: Ball 2-1: Ball 3-1: Base on Balls
|
|
Batting: RHB Minoru Matsumoto
|
0-0: Ball 1-0: Ball 2-0: Called Strike 2-1: Ball Ruben Domingues is caught stealing 2nd base 2-4
|
| Top of the 3rd over - 1 run, 1 hit, 0 errors, 0 left on base; Baltimore (APP) 1 - Princeton 0 |
| BOTTOM OF THE 3RD |
|
Princeton Rays batting - Pitching for Baltimore (APP) Orioles : RHP Bruce Yeager
|
|
Batting: LHB Sean Boenig
|
0-0: Ball 1-0: Ball 2-0: Swinging Strike 2-1: Called Strike 2-2: Foul Ball, location: 2F 2-2: Fly out, F7 (Flyball, 7LDF, EV 93.1 MPH)
|
|
Batting: RHB Dave Valdez
|
0-0: Called Strike 0-1: Foul Ball, location: 2F 0-2: Ball 1-2: Ball 2-2: Ground out 5-3 (Groundball, 56, EV 84.4 MPH)
|
|
Batting: SHB Luis Verduzco
|
0-0: Ball 1-0: Ball 2-0: Swinging Strike 2-1: Ground out U3 (Groundball, 3, EV 92.5 MPH)
|
| Bottom of the 3rd over - 0 runs, 0 hits, 0 errors, 0 left on base; Baltimore (APP) 1 - Princeton 0 |
| TOP OF THE 4TH |
|
Baltimore (APP) Orioles batting - Pitching for Princeton Rays : RHP Robin Pick
|
|
Batting: RHB Minoru Matsumoto
|
0-0: Ball 1-0: Ball 2-0: Called Strike 2-1: Ground out 5-3 (Groundball, 56S, EV 86.9 MPH)
|
|
Batting: LHB Jeremy Nuzzo
|
0-0: Ball 1-0: Swinging Strike 1-1: Foul Ball, location: 2F 1-2: Foul Ball, location: 2F 1-2: Ball 2-2: Ball 3-2: Foul Ball, location: 2F 3-2: Foul Ball, location: 2F 3-2: SINGLE (Groundball, 4MD, EV 94.4 MPH)
|
|
Batting: SHB Eric Kelley
|
0-0: Ball 1-0: Ball 2-0: Ball Wild Pitch! Jeremy Nuzzo to second 3-0: Called Strike 3-1: Foul Ball, location: 2F 3-2: Strikes out swinging
|
|
Batting: RHB C.J. Wells
|
0-0: Called Strike 0-1: Ground out 6-3 (Groundball, 6, EV 102.5 MPH)
|
| Top of the 4th over - 0 runs, 1 hit, 0 errors, 1 left on base; Baltimore (APP) 1 - Princeton 0 |
| BOTTOM OF THE 4TH |
|
Princeton Rays batting - Pitching for Baltimore (APP) Orioles : RHP Bruce Yeager
|
|
Batting: SHB Omar Cervantes
|
0-0: Foul Ball, location: 2F 0-1: Foul Ball, location: 2F 0-2: Ball 1-2: Ball 2-2: Ball 3-2: Fly out, F9 (Flyball, 9D, EV 86.9 MPH)
|
|
Batting: LHB Oscar Curiel
|
0-0: Ball 1-0: Called Strike 1-1: Ball 2-1: Called Strike 2-2: Foul Ball, location: 2F 2-2: Strikes out swinging
|
|
Batting: RHB Tim Dower
|
0-0: Ball 1-0: Foul Ball, location: 2F 1-1: Ball 2-1: Ball 3-1: Foul Ball, location: 2F 3-2: Base on Balls
|
|
Batting: RHB Wan-ling Zhu
|
0-0: Called Strike 0-1: Foul Ball, location: 2F 0-2: Ball 1-2: Ball 2-2: Foul Ball, location: 2F 2-2: Ball 3-2: Ground out 4-3 (Groundball, 4, EV 82.5 MPH)
|
| Bottom of the 4th over - 0 runs, 0 hits, 0 errors, 1 left on base; Baltimore (APP) 1 - Princeton 0 |
| TOP OF THE 5TH |
|
Baltimore (APP) Orioles batting - Pitching for Princeton Rays : RHP Robin Pick
|
|
Batting: LHB Edwin Cabral
|
0-0: Called Strike 0-1: Foul Ball, location: 2F 0-2: Ball 1-2: Strikes out looking
|
|
Batting: RHB Han Caspers
|
0-0: Ball 1-0: Called Strike 1-1: Ground out 4-3 (Groundball, 4S, EV 81.2 MPH)
|
|
Batting: LHB Ivan Alvarez
|
0-0: Ball 1-0: Foul Ball, location: 2F 1-1: Ball 2-1: Ball 3-1: Fly out, F9 (Line Drive, 9S, EV 106.9 MPH)
|
| Top of the 5th over - 0 runs, 0 hits, 0 errors, 0 left on base; Baltimore (APP) 1 - Princeton 0 |
| BOTTOM OF THE 5TH |
|
Princeton Rays batting - Pitching for Baltimore (APP) Orioles : RHP Bruce Yeager
|
|
Batting: RHB Mikey Sano
|
0-0: Fly out, F8 (Flyball, 8RM, EV 95.0 MPH)
|
|
Batting: RHB Bogumil Filipowski
|
0-0: Ball 1-0: Ball 2-0: Called Strike 2-1: Swinging Strike 2-2: Ball 3-2: Foul Ball, location: 2F 3-2: Strikes out swinging
|
|
Batting: LHB Sean Boenig
|
0-0: Called Strike 0-1: Fly out, F8 (Flyball, 89S, EV 95.0 MPH)
|
| Bottom of the 5th over - 0 runs, 0 hits, 0 errors, 0 left on base; Baltimore (APP) 1 - Princeton 0 |
| TOP OF THE 6TH |
|
Baltimore (APP) Orioles batting - Pitching for Princeton Rays : RHP Robin Pick
|
|
Pitching: RHP Michito Higashi
|
|
|
Batting: RHB Imbart van Rens
|
0-0: SINGLE (Flyball, 7LS, EV 94.4 MPH)
|
|
Batting: RHB Ruben Domingues
|
0-0: Ball 1-0: Foul Ball, location: 2F 1-1: Foul Ball, location: 2F 1-2: Fly out, F9 (Flyball, 9, EV 88.8 MPH)
|
|
Batting: RHB Minoru Matsumoto
|
0-0: Ball 1-0: Fly out, F9 (Flyball, 89S, EV 79.4 MPH)
|
|
Batting: LHB Jeremy Nuzzo
|
0-0: Called Strike 0-1: Ball 1-1: Ground out 4-3 (Groundball, 4S, EV 91.2 MPH)
|
| Top of the 6th over - 0 runs, 1 hit, 0 errors, 1 left on base; Baltimore (APP) 1 - Princeton 0 |
| BOTTOM OF THE 6TH |
|
Princeton Rays batting - Pitching for Baltimore (APP) Orioles : RHP Bruce Yeager
|
|
Pitching: RHP Justin Swanson
|
|
|
Pinch Hitting: SHB Ray Luna
|
0-0: Ball 1-0: Foul Ball, location: 2F 1-1: Ball 2-1: Called Strike 2-2: Ball 3-2: Base on Balls
|
|
Batting: SHB Luis Verduzco
|
0-0: Ball Ray Luna steals 2nd, throwing error, E2 Ray Luna to third 1-0: SINGLE (Line Drive, 8LS, EV 108.1 MPH) Ray Luna scores
|
|
Batting: SHB Omar Cervantes
|
0-0: Called Strike 0-1: DOUBLE (Line Drive, 5D, EV 105.6 MPH) Luis Verduzco to third
|
|
Batting: LHB Oscar Curiel
|
0-0: Intentional Walk
|
|
Batting: RHB Tim Dower
|
0-0: Ball 1-0: Called Strike 1-1: Swinging Strike 1-2: Strikes out swinging
|
|
Pinch Hitting: LHB Dave Northam
|
0-0: SINGLE (Line Drive, 9S, EV 90.6 MPH) Luis Verduzco scores Omar Cervantes to third Oscar Curiel to second Runner from 3rd tries for Home, throw by RF and OUT! 9-2
|
|
Pinch Runner at 2nd Berthold Frey:
|
|
|
Batting: RHB Mikey Sano
|
0-0: Ball 1-0: Foul Ball, location: 2F 1-1: DOUBLE (Line Drive, 78D, EV 101.2 MPH) Berthold Frey scores Dave Northam to third
|
|
Batting: RHB Bogumil Filipowski
|
0-0: Ball 1-0: Ball 2-0: Ground out 4-3 (Groundball, 4, EV 91.2 MPH)
|
| Bottom of the 6th over - 3 runs, 4 hits, 1 error, 2 left on base; Baltimore (APP) 1 - Princeton 3 |
| TOP OF THE 7TH |
|
Baltimore (APP) Orioles batting - Pitching for Princeton Rays : RHP Michito Higashi
|
|
Now at 2B: Dave Northam
|
|
|
Now at SS: Dan Trainer
|
|
|
Batting: SHB Eric Kelley
|
0-0: Ground out 4-3 (Groundball, 4, EV 106.2 MPH)
|
|
Batting: RHB C.J. Wells
|
0-0: Ball 1-0: Called Strike 1-1: Called Strike 1-2: Ball 2-2: Fly out, F8 (Flyball, 78M, EV 90.6 MPH)
|
|
Batting: LHB Edwin Cabral
|
0-0: Swinging Strike 0-1: Ball 1-1: Swinging Strike 1-2: Ground out 6-3 (Groundball, 6M, EV 91.9 MPH)
|
| Top of the 7th over - 0 runs, 0 hits, 0 errors, 0 left on base; Baltimore (APP) 1 - Princeton 3 |
| BOTTOM OF THE 7TH |
|
Princeton Rays batting - Pitching for Baltimore (APP) Orioles : RHP Justin Swanson
|
|
Pitching: RHP Xavier Martin
|
|
|
Batting: LHB Sean Boenig
|
0-0: Ball 1-0: DOUBLE (Flyball, 8RD, EV 95.6 MPH)
|
|
Batting: SHB Dan Trainer
|
0-0: Ball 1-0: Foul Ball, location: 2F 1-1: Swinging Strike 1-2: Strikes out swinging
|
|
Batting: SHB Luis Verduzco
|
0-0: Ball Sean Boenig is caught stealing 3rd base 2-5 1-0: Ball 2-0: Ball 3-0: Base on Balls
|
|
Batting: SHB Omar Cervantes
|
0-0: Ball 1-0: Called Strike 1-1: Fielders Choice at 2nd, 5-4 (Groundball, 56, EV 84.4 MPH)
|
| Bottom of the 7th over - 0 runs, 1 hit, 0 errors, 1 left on base; Baltimore (APP) 1 - Princeton 3 |
| TOP OF THE 8TH |
|
Baltimore (APP) Orioles batting - Pitching for Princeton Rays : RHP Michito Higashi
|
|
Batting: RHB Han Caspers
|
0-0: Ground out 5-3 (Groundball, 5, EV 88.8 MPH)
|
|
Batting: LHB Ivan Alvarez
|
0-0: Ground out 4-3 (Groundball, 4, EV 86.2 MPH)
|
|
Pinch Hitting: LHB Xue-liang Zhou
|
0-0: Called Strike 0-1: Ball 1-1: Ball 2-1: Ground out 5-3 (Groundball, 56, EV 84.4 MPH)
|
| Top of the 8th over - 0 runs, 0 hits, 0 errors, 0 left on base; Baltimore (APP) 1 - Princeton 3 |
| BOTTOM OF THE 8TH |
|
Princeton Rays batting - Pitching for Baltimore (APP) Orioles : RHP Xavier Martin
|
|
Now at 3B: Dou-wan Pan
|
|
|
Batting: SHB Berthold Frey
|
0-0: Ball 1-0: Ball 2-0: Swinging Strike 2-1: Swinging Strike 2-2: Foul Ball, location: 2F 2-2: Strikes out looking
|
|
Batting: RHB Tim Dower
|
0-0: Called Strike 0-1: Ball 1-1: Ball 2-1: SINGLE (Flyball, 3D, EV 93.1 MPH)
|
|
Batting: LHB Dave Northam
|
0-0: Foul Ball, location: 2F 0-1: Ball 1-1: Ball 2-1: Ball 3-1: Base on Balls Tim Dower to second
|
|
Batting: RHB Mikey Sano
|
0-0: Foul Ball, location: 2F 0-1: Ball 1-1: Foul Ball, location: 2F 1-2: Foul Ball, location: 2F 1-2: Strikes out swinging
|
|
Batting: RHB Bogumil Filipowski
|
0-0: Called Strike 0-1: Ball 1-1: Called Strike 1-2: Ground out 5-3 (Groundball, 5S, EV 85.6 MPH)
|
| Bottom of the 8th over - 0 runs, 1 hit, 0 errors, 2 left on base; Baltimore (APP) 1 - Princeton 3 |
| TOP OF THE 9TH |
|
Baltimore (APP) Orioles batting - Pitching for Princeton Rays : RHP Michito Higashi
|
|
Pitching: RHP Matt Roberts
|
|
|
Batting: RHB Ruben Domingues
|
0-0: Fly out, F8 (Flyball, 8LXD, EV 100.6 MPH)
|
|
Batting: RHB Minoru Matsumoto
|
0-0: Ball 1-0: Swinging Strike 1-1: Foul Ball, location: 2F 1-2: Foul Ball, location: 2F 1-2: Ball 2-2: Ball 3-2: Strikes out swinging
|
|
Batting: LHB Jeremy Nuzzo
|
0-0: Foul Ball, location: 2F 0-1: Called Strike 0-2: Ground out U3 (Groundball, 34, EV 79.4 MPH)
|
| Top of the 9th over - 0 runs, 0 hits, 0 errors, 0 left on base; Baltimore (APP) 1 - Princeton 3 |
|